 Dungeon Crawl Stone Soup version 0.30-a0-122-g2a1322497e (webtiles) character file.

Game seed: 15808729069899925666

25 ytrimaz the Chopper (level 2, -1/24 HPs)
             Began as a Demonspawn Gladiator on Sept 16, 2022.
             Killed from afar by Sigmund (2 damage)
             ... with a magic dart
             ... on level 2 of the Dungeon.
             The game lasted 00:02:01 (781 turns).

ytrimaz the Chopper (Demonspawn Gladiator)           Turns: 781, Time: 00:02:01

Health: -1/24      AC:  4    Str: 11 (14) XL:     2   Next: 82%
Magic:  2/2        EV: 12    Int:  6 (9)  God:
Gold:   108        SH:  0    Dex: 12 (14) Spells: 1/1 levels left

rFire   . . .      SeeInvis .    a - +0 war axe
rCold   . . .      Faith    .    (no shield)
rNeg    . . .      Spirit   .    b - +0 leather armour
rPois   .          Reflect  .    c - +0 helmet
rElec   .          Harm     .    (no cloak)
rCorr   .          Rampage  .    (no gloves)
Will    .....                    (no boots)
Stlth   +.........               (no amulet)
HPRegen 0.08/turn                (no ring)
MPRegen 0.08/turn                (no ring)

@: no status effects
A: demonic touch 1
a: no special abilities


You were on level 2 of the Dungeon.
You visited 1 branch of the dungeon, and saw 2 of its levels.

You collected 108 gold pieces.


Innate Abilities, Weirdness & Mutations

Your touch may inflict minor irresistible damage on your foes.


   Skills:
 * Level 3.0 Fighting
 + Level 3.0 Axes
 - Level 1.7 Throwing
 - Level 2.6 Dodging


You had one spell level left.
You didn't know any spells.
Your spell library contained the following spells:

 Spells                   Type           Power      Damage    Failure   Level
 Call Canine Familiar     Summ           0%         N/A       89%         3
 Portal Projectile        Hex/Tloc       0%         N/A       89%         3
 Leda's Liquefaction      Hex/Erth       0%         N/A       100%        4

Inventory:

Hand Weapons
 a - a +0 war axe (weapon)
Missiles
 d - 3 throwing nets (quivered)
 e - a javelin
Armour
 b - a +0 leather armour (worn)
 c - a +0 helmet (worn)
Jewellery
 g - a ring of wizardry
   (You found it on level 1 of the Dungeon)
Scrolls
 f - 2 scrolls of magic mapping {unknown}
 h - 3 scrolls of teleportation {unknown}
Potions
 j - a potion of curing {unknown}

Dungeon Overview and Level Annotations

Branches:
Dungeon (2/15) Zot: 11206

Altars:

Annotations:
D:2 Sigmund

.. #.# #.#
.#.###.###.### .......
....# #.##.###.#.# .
##....$.#.#.#####
...###................
.......?.....@....#
#...)...)@#
##.<......# #.######.#
#.# #... #.# ...## #.#
.... ... ....## ###
..... #.#...


You could see Sigmund.


Message History

You slash the rat!
You kill the rat!
A ball python comes into view.
The kobold barely misses you.
The ball python hisses angrily.
You slash the kobold!
You kill the kobold!
You hear a shout!
A kobold comes into view. It is wielding a +0 short sword.
The kobold shouts!
Your Fighting skill increases to level 3! 😎 HP[+1]
You now have 24 max hp (+1).
Your hp is fully restored (24).
You see here a +0 short sword.
Sigmund the Dreaded comes into view.
He is wielding a +0 scythe, wearing a +1 robe of positive energy and carrying a wand of polymorph (10).
The ball python closely misses you. x2
You slash the ball python!
You kill the ball python!
The kobold hits you with a +0 short sword. 😕 HP[-1]
You take 1 damage, and now have 23/24 hp.
You closely miss the kobold. Your touch misses the kobold.
Sigmund gestures at you while chanting. The magic dart hits you!
The kobold closely misses you.
Sigmund zaps a wand.
You turn into an insubstantial wisp.
Your +0 war axe melds into your body.
Your +0 helmet melds into your body.
Your +0 leather armour melds into your body.
The kobold closely misses you. 😮 HP[-7]
You take 7 damage, and now have 16/24 hp.
MASSIVE DAMAGE!! (PAUSE) Sigmund hits you but does no damage.
The kobold barely misses you.
Unknown command.
You barely miss Sigmund. The kobold closely misses you.
You touch Sigmund but do no damage.
Sigmund completely misses you. The kobold completely misses you.
Unknown command. 😮 HP[+1]
You touch Sigmund but do no damage.
Sigmund casts a spell at you.
You are confused.
The kobold misses you. The kobold attacks as you move away!
The kobold misses you.
Sigmund hits you from afar with a +0 scythe.
The kobold throws a stone.
The stone hits you but does no damage. 😮 HP[-3]
You take 3 damage, and now have 14/24 hp.
Unknown command.
You touch the kobold.
You kill the kobold!
Sigmund gestures at you while chanting.
You are more confused.
You bump into the rock wall.
Sigmund completely misses you.
You bump into the rock wall.
Sigmund completely misses you.
Unknown command.
Items here: ( )) †.
Sigmund attacks as you move away! Sigmund completely misses you.
Your transformation is almost over.
Sigmund casts a spell at you. The puff of flame hits you. You resist.
* * * LOW HITPOINT WARNING * * *
😨 HP[-3]
You take 3 damage, and now have 11/24 hp.
Sigmund closely misses you.
You closely miss Sigmund.
Unknown command.
You touch Sigmund.
Sigmund barely misses you.
You barely miss Sigmund.
You bump into the rock wall.
Sigmund closely misses you. 😨 HP[+1]
You touch Sigmund but do no damage.
You feel less confused.
Sigmund flickers, as though insubstantial.
Sigmund points at you and mumbles some strange words.
The puff of flame hits you. You resist.
* * * LOW HITPOINT WARNING * * *
😨 HP[-1]
You take 1 damage, and now have 11/24 hp.
You touch Sigmund.
Sigmund barely misses you.
You touch Sigmund but do no damage.
Unknown command.
You touch Sigmund.
Sigmund misses you.
You touch Sigmund but do no damage.
You condense into your normal self.
Your +0 war axe unmelds from your body.
Your +0 helmet unmelds from your body.
Your +0 leather armour unmelds from your body.
A frilled lizard comes into view.
Unknown command.
You closely miss Sigmund. Sigmund hits you with a +0 scythe!
* * * LOW HITPOINT WARNING * * *
😱 HP[-10]
You take 10 damage, and now have 1/24 hp.
MASSIVE DAMAGE!! (PAUSE) It was a potion of degeneration.
There was something very wrong with that liquid.
You feel weakened.
You feel dopey.
You feel clumsy. Sigmund gestures at you while chanting.
The magic dart hits you.
You die...

Skill      XL: |  1  2 |
---------------+-------+-----
Axes           | 3 |  3.0
Fighting       | 3 |  3.0
Throwing       | |  1.7
Dodging        | |  2.6

Action                   || total
-------------------------++-------
Melee: War axe           ||    34
       Unarmed           ||    12
       Touch             ||     3
  Use: Potion            ||     1
Armor: Leather armour    ||    10
       Skin              ||     2
Dodge: Dodged            ||    44

Levels and vault maps discovered:
D:1:      spicycebolla_arrival_xxxplode, layout_basic
D:2:      layout_loops_ring, uniq_sigmund

Notes
Turn   | Place    | Note
-------+----------+-------------------------------------------
     0 | D:1      | ytrimaz the Demonspawn Gladiator began the quest for the
                  | Orb.
     0 | D:1      | Reached XP level 1. HP: 16/16 MP: 1/1
     0 | D:1      | magus.rc [v1.9.6]
   233 | D:1      | Gained mutation: Your touch may inflict minor irresistible
                  | damage on your foes. [demonic ancestry]
   233 | D:1      | Reached XP level 2. HP: 21/23 MP: 2/2
   239 | D:1      | Reached skill level 3 in Axes
   706 | D:1      | You pick up a book of the Hunter and begin reading...
   706 | D:1      | You add the spells Call Canine Familiar, Portal Projectile
                  | and Leda's Liquefaction to your library.
   754 | D:2      | Reached skill level 3 in Fighting
   755 | D:2      | Noticed Sigmund
   780 | D:2      | HP: 1/24 [Sigmund/+0 scythe (10)]
   781 | D:2      | Killed from afar by Sigmund

Vanquished Creatures
  A dart slug (D:1)
  2 endoplasms (D:1)
  A giant cockroach (D:1)
  4 goblins (D:1)
  A hobgoblin (D:1)
  4 ball pythons
  2 bats (D:1)
  3 kobolds
  4 rats
22 creatures vanquished.

Table legend:
 A = Non-vault XP
 B = Vault XP
 C = Vault XP percentage of total XP
 D = Non-vault monster count
 E = Vault monster count
 F = Vault count percentage of total count
                 A         B        C        D         E       F
            +---------+---------+-------+---------+---------+-------
      Total |      36 |       0 |   0.0 |      22 |       0 |   0.0
            +---------+---------+-------+---------+---------+-------
        D:1 |      31 |       0 |   0.0 |      18 |       0 |   0.0
        D:2 |       5 |       0 |   0.0 |       4 |       0 |   0.0
            +---------+---------+-------+---------+---------+-------

Illustrated notes

Table legend:
 A = Kills in this place as a percentage of kills in entire the game.
 B = Kills by you in this place as a percentage of kills by you in the entire game.
 C = Kills by friends in this place as a percentage of kills by friends in the entire game.
 D = Other kills in this place as a percentage of other kills in the entire game.
 E = Experience gained in this place as a percentage of experience gained in the entire game.
 F = Experience gained in this place divided by the number of levels of this place that you have seen.
                   A       B       C       D       E      F
               +-------+-------+-------+-------+-------+----------------------
         Total | 100.0 | 100.0 |   N/A |   N/A | 100.0 |  18.0
       Dungeon | 100.0 | 100.0 |   N/A |   N/A | 100.0 |  18.0
               +-------+-------+-------+-------+-------+----------------------

Table legend: (Time is in decaauts)
 A = Elapsed time spent in this place.
 B = Non-inter-level travel time spent in this place.
 C = Inter-level travel time spent in this place.
 D = Time resting spent in this place.
 E = Time spent auto-exploring this place.
 F = Levels seen in this place.
 G = Mean time per level.
                   A        B        C        D        E       F      G
               +--------+--------+--------+--------+--------+-----+--------+
         Total |    792 |    750 |     42 |      0 |    596 |   2 |  396.0 |
       Dungeon |    792 |    750 |     42 |      0 |    596 |   2 |  396.0 |
               +--------+--------+--------+--------+--------+-----+--------+

Top non-repeatable levels by time:
     D:1: 756 daAuts
     D:2: 35 daAuts
